 Dungeon Crawl Stone Soup version 0.29.1 (webtiles) character file.

Game seed: 13422568181835191731

96854 Icepheonix32 the Executioner (level 15, -14/129 HPs)
             Began as a Minotaur Fighter on Sept 13, 2022.
             Was the Champion of Makhleb.
             Killed from afar by Nikola (70 damage)
             ... with an arc of chain lightning
             ... on level 1 of the Spider Nest.
             The game lasted 00:55:31 (20180 turns).

Icepheonix32 the Executioner (Minotaur Fighter)    Turns: 20180, Time: 00:55:31

Health: -14/129    AC: 29    Str: 43    XL:     15   Next: 70%
Magic:  0/37       EV: 11    Int:  4    God:    Makhleb [******]
Gold:   1383       SH:  6    Dex:  9    Spells: 14/14 levels left

rFire   . . .      SeeInvis +   k - +4 war axe (elec)
rCold   . . .      Faith    .   c - +0 buckler
rNeg    . . .      Spirit   +   B - +6 chain mail of Wariness {+Blink MP+9 SInv}
rPois   +          Reflect  .   (helmet restricted)
rElec   .          Harm     +   H - +2 cloak {rPois}
rCorr   .          Rampage  .   v - +2 pair of gloves {Str+3}
Will    +....                   P - +2 pair of boots "Bevuarra" {Harm MP+9 Str+2}
Stlth   ..........              V - amulet of guardian spirit
HPRegen 0.31/turn               X - +6 ring of strength
MPRegen 0.25/turn               Z - +4 ring of slaying

@: no status effects
A: horns 2, retaliatory headbutt, hooves 1, frail 1, strong 1, noise suppression
a: Renounce Religion, Evoke Blink, Minor Destruction, Lesser Servant of Makhleb,
Major Destruction, Greater Servant of Makhleb


You were on level 1 of the Spider Nest.
You worshipped Makhleb.
Makhleb was exalted by your worship.
You visited 5 branches of the dungeon, and saw 19 of its levels.
You also visited: Bailey and Gauntlet.

You collected 2468 gold pieces.
You spent 1085 gold pieces at shops.

Inventory:

Hand Weapons
 k - a +4 war axe of electrocution (weapon)
 l - a +2 sling of flaming
 x - a +2 battleaxe of protection
 y - a +1 scimitar of flaming
 M - a +3 shortbow
Missiles
 a - 2 silver boomerangs
 d - 2 curare-tipped darts
 g - 11 throwing nets
 w - 30 boomerangs (quivered)
 S - 6 boomerangs of dispersal
 W - 5 silver javelins
Armour
 c - a +0 buckler (worn)
 h - a +3 ring mail of fire resistance
 v - a +2 pair of gloves of strength (worn)
 B - the +6 chain mail of Wariness (worn) {+Blink MP+9 SInv}
   (You found it on level 9 of the Dungeon)

   MP:        It affects your magic capacity (+9).
   SInv:      It lets you see invisible.
   +Blink:    It lets you blink.
 H - a +2 cloak of poison resistance (worn)
 K - a +0 crystal plate armour
 L - a +2 chain mail of positive energy
 P - the +2 pair of boots "Bevuarra" (worn) {Harm MP+9 Str+2}
   (You found it in a Gauntlet)

   Str:       It affects your strength (+2).
   MP:        It affects your magic capacity (+9).
   Harm:      It increases damage dealt and taken.
 Q - the +2 cloak "Xihaemok" {Drain Regen+ Dex+9 Stlth-}
   (You found it in a Gauntlet)

   Dex:       It affects your dexterity (+9).
   Regen:     It increases your rate of health regeneration.
   Drain:     It drains your maximum health when unequipped.
   Stlth:     It makes you less stealthy.
Jewellery
 o - a +4 ring of evasion
 q - a +6 ring of strength
 D - an amulet of reflection
 U - a ring of ice
 V - an amulet of guardian spirit (around neck)
 X - a +6 ring of strength (left hand)
 Z - a +4 ring of slaying (right hand)
Wands
 b - a wand of roots (17)
 p - a wand of quicksilver (8)
 u - a wand of flame (27)
 F - a wand of digging (15)
 O - a wand of charming (11)
 T - a wand of mindburst (12)
Scrolls
 i - 7 scrolls of teleportation
 m - 2 scrolls of fog
 n - a scroll of poison
 s - 2 scrolls of torment
 t - 5 scrolls of blinking
 C - 2 scrolls of fear
 I - 3 scrolls of identify
 R - a scroll of magic mapping
Potions
 e - 5 potions of heal wounds
 f - 13 potions of curing
 j - 3 potions of cancellation
 r - 6 potions of mutation
 z - 5 potions of flight
 A - 5 potions of haste
 E - a potion of attraction
 G - 4 potions of magic
 J - 4 potions of might
 N - 2 potions of lignification
 Y - a potion of resistance


   Skills:
 * Level 16.1 Fighting
 + Level 1.0 Long Blades
 * Level 21.5 Axes
 + Level 2.8 Throwing
 + Level 13.2 Armour
 + Level 5.1 Dodging
 + Level 2.7 Stealth
 + Level 9.7 Shields
 * Level 7.4 Invocations
 * Level 6.5 Evocations


You had 14 spell levels left.
You didn't know any spells.
Your spell library contained the following spells:

 Spells                   Type           Power      Damage    Failure   Level
 Beastly Appendage        Tmut           0%         N/A       86%         1
 Freeze                   Ice            0%         1d3       86%         1
 Magic Dart               Conj           0%         1d3       86%         1
 Necrotise                Necr           0%         1d4       86%         1
 Slow                     Hex            0%         N/A       86%         1
 Blink                    Tloc           0%         N/A       95%         2
 Searing Ray              Conj           0%         2d4       95%         2
 Static Discharge         Conj/Air       0%         3-3/arc   95%         2
 Sublimation of Blood     Necr           0%         N/A       95%         2
 Wereblood                Tmut           0%         N/A       95%         2
 Confusing Touch          Hex            0%         N/A       99%         3
 Conjure Flame            Conj/Fire      0%         6-21      99%         3
 Gell's Gravitas          Tloc           0%         N/A       99%         3
 Ignite Poison            Fire/Tmut/Pois 0%         N/A       99%         3
 Lesser Beckoning         Tloc           0%         N/A       99%         3
 Mephitic Cloud           Conj/Pois/Air  0%         N/A       99%         3
 Spider Form              Tmut/Pois      0%         N/A       99%         3
 Summon Guardian Golem    Hex/Summ       0%         N/A       99%         3
 Teleport Other           Tloc           0%         N/A       99%         3
 Vampiric Draining        Necr           0%         2d6       99%         3
 Animate Dead             Necr           0%         N/A       100%        4
 Fulminant Prism          Conj/Hex       0%         3d6       100%        4
 Petrify                  Tmut/Erth      0%         N/A       100%        4
 Agony                    Necr           0%         N/A       100%        5
 Borgnjor's Vile Clutch   Necr/Erth      0%         N/A       100%        5
 Freezing Cloud           Conj/Ice/Air   0%         6-21      100%        5
 Irradiate                Conj/Tmut      0%         3d11      100%        5
 Lightning Bolt           Conj/Air       0%         1d11      100%        5
 Manifold Assault         Tloc           0%         N/A       100%        5
 Summon Forest            Summ/Tloc      0%         N/A       100%        5
 Death Channel            Necr           0%         N/A       100%        6
 Dispersal                Tloc           0%         N/A       100%        6
 Eringya's Noxious Bog    Tmut/Pois      0%         N/A       100%        6
 Orb of Destruction       Conj           0%         9d5       100%        7
 Spellforged Servitor     Conj/Summ      0%         N/A       100%        7
 Storm Form               Tmut/Air       0%         N/A       100%        7
 Summon Hydra             Summ           0%         N/A       100%        7
 Disjunction              Tloc           0%         N/A       100%        8
 Maxwell's Capacitive Co  Air            0%         ∞         100%        8
 Fire Storm               Conj/Fire      0%         5d1       100%        9


Dungeon Overview and Level Annotations

Branches:
Dungeon (10/15)            Temple (1/1) D:7            Lair (5/5) D:10
  Swamp (0/4) Lair:3       Spider (1/4) Lair:2        Slime (0/5) Lair:4
    Orc (2/2) D:9             Elf (0/3) Orc:2        Bailey (visited)
Gauntlet (visited)

Altars:
Ashenzari
Cheibriados
Dithmenos
Elyvilon
Fedhas
Gozag
Hepliaklqana
Kikubaaqudgha
Makhleb
Nemelex Xobeh
Okawaru
Qazlal
Ru
Sif Muna
Trog
Uskayaw
Vehumet
Wu Jian
Xom
Yredelemnul
Zin
The Shining One
Jiyva

Shops:
D:1 *   D:6 (   D:8 [   Orc:2 [[=:

Annotations:
D:6 1 runed translucent door, exclusion: statue, masschaos23's ghost, novice OpBr
Lair:5 2 transporters, Iusername's ghost, journeyman MiFi
Spider:1 Nikola


Innate Abilities, Weirdness & Mutations

You have a pair of horns on your head.
You reflexively headbutt those who attack you in melee.
You have large cloven feet.
You are frail. (-10% HP)
Your muscles are strong. (Str +4, Int/Dex -1)
You passively dampen the noise of your surroundings.


Message History

You headbutt the jumping spider!
You block the jumping spider's attack. x2
The jumping spider bites you but does no damage.
You barely miss the jumping spider. You headbutt the jumping spider!
You kill the jumping spider!
Makhleb accepts your kill.
No target in view!
Nikola the Mad Inventor comes into view.
He is wielding a +4 rapier of electrocution.
Nikola shouts!
You slash Nikola!
Nikola is lightly wounded.
Nikola hits you with a +4 rapier of electrocution.
You slash Nikola! Your headbutt misses Nikola.
Nikola is lightly wounded.
You slice Nikola!! Lightning courses through Nikola!
Nikola is moderately wounded.
Nikola hits you with a +4 rapier of electrocution!!
You are electrocuted!
You barely miss Nikola. Your headbutt misses Nikola.
Nikola is moderately wounded.
Nikola hits you but does no damage.
You hit Nikola.
Nikola is moderately wounded.
You barely miss Nikola.
Nikola is moderately wounded.
Nikola gestures wildly while chanting.
Lightning arcs from Nikola's hands!
The bolt of lightning hits you!!!
A bolt of lightning appears from out of thin air!
The bolt of lightning hits Nikola.
You hear a shout!
You are too injured to fight recklessly!
Unknown command.
You barely miss Nikola. You headbutt Nikola!
Nikola is heavily wounded.
Nikola hits you but does no damage.
You carve Nikola like a ham!!! You headbutt Nikola!!
Nikola is severely wounded.
Nikola casts a spell.
Lightning arcs from Nikola's hands!
The bolt of lightning hits you!!!!
Ouch! That really hurt!
You die...

# # ##### ###
#...# #.. #.#..
.. ####.### #.
#^.#.... #@#####
##...†... #@.#.#
#.#...... ###..#
##.##....#
##.####.##.....#
##.##.###^.##.#
#.##.## ####.##
##..## # ####


You could see Nikola.

Vanquished Creatures
  Jorgrun (Orc:1)
  A cacodemon (Gauntlet)
  An orc warlord (Orc:2)
  A broodmother (Spider:1)
  An entropy weaver (Spider:1)
  A minotaur (Gauntlet)
  2 dire elephants
  A fire dragon (Lair:5)
  Harold (Orc:1)
  Fannar (Lair:1)
  2 hydras
  Erica (D:8)
  2 catoblepae
  A boulder beetle (Spider:1)
  6 two-headed ogres
  4 orc high priests (Orc:2)
  11 death yaks
  Amaemon (Lair:3)
  A pharaoh ant (Spider:1)
  Lodul (D:10)
  A steelbarb worm (Spider:1)
  A swamp dragon (Lair:5)
  3 bog bodies (Lair:3)
  A wolf spider zombie (D:8)
  Pikel (D:6)
  7 orc sorcerers
  4 wolf spiders
  4 orc knights
  A manticore (D:9)
  Maurice (D:9)
  3 centaur zombies (D:8)
  11 elephants
  6 black mambas
  Joseph (D:10)
  A guardian serpent (Lair:5)
  2 centaur skeletons (D:8)
  An orange demon (Lair:3)
  13 cane toads
  3 demonic crawlers (Spider:1)
  3 rime drakes
  A kobold demonologist (D:9)
  2 hellwings (D:8)
  9 komodo dragons
  4 trolls
  A meliai (Lair:2)
  2 hornets (Lair:5)
  5 tarantellas (Spider:1)
  Prince Ribbit (D:7)
  22 blink frogs
  14 dream sheep
  5 flying skulls (Gauntlet)
  6 jumping spiders (Spider:1)
  5 culicivoras (Spider:1)
  11 wyverns
  25 yaks
  3 basilisks
  3 wargs
  14 redbacks
  Menkaure (D:7)
  4 steam dragons
  A swamp worm (Lair:3)
  Edmund (D:5)
  2 acid dragons (Lair:5)
  29 water moccasins
  39 orc warriors
  A swamp drake (Lair:5)
  A black bear (Lair:1)
  An ice beast (D:8)
  20 ogres
  2 sky beasts
  17 wolves
  5 centaurs
  3 phantoms (D:7)
  A kobold brigand (D:7)
  3 necrophages
  7 gnoll sergeants (Bailey)
  11 bullfrogs
  A scorpion (D:6)
  7 wights
  13 killer bees
  6 howler monkeys
  4 electric eels
  3 hounds
  3 jellies
  Crazy Yiuf (D:6)
  9 gnoll boudas
  27 orc priests
  7 iguanas
  29 orc wizards
  14 hell rats (Lair:5)
  A boggart zombie (D:8)
  20 gnolls
  8 adders
  4 shadow imps
  A worm (D:3)
  A dart slug (D:1)
  127 orcs
  5 ball pythons
  4 endoplasms
  3 giant cockroaches
  12 goblins
  6 hobgoblins
  6 jackals
  7 kobolds
  4 quokkas
  9 bats
  A frilled lizard (D:3)
  6 rats
  A bush (Lair:2)
741 creatures vanquished.

Vanquished Creatures (collateral kills)
  An orc warrior (Orc:2)
  An ogre (Orc:2)
  3 orcs (Orc:2)
5 creatures vanquished.

Vanquished Creatures (others)
  An orc priest (Orc:2)
  2 orcs (Orc:1)
  2 demonic plants (Gauntlet)
  23 fungi
  71 plants
  4 withered plants (D:8)
103 creatures vanquished.

Grand Total: 849 creatures vanquished

Notes
Turn   | Place    | Note
-------+----------+-------------------------------------------
     0 | D:1      | Icepheonix32 the Minotaur Fighter began the quest for the
                  | Orb.
     0 | D:1      | Reached XP level 1. HP: 19/19 MP: 0/0
    76 | D:1      | Found Buxkoosu's General Store.
   149 | D:1      | Found a faded altar of an unknown god.
   153 | D:1      | Reached XP level 2. HP: 27/27 MP: 1/1
   164 | D:1      | Reached skill level 3 in Axes
   166 | D:1      | Reached XP level 3. HP: 25/33 MP: 2/2
   737 | D:2      | Found a stormy altar of Qazlal.
  1177 | D:3      | Reached XP level 4. HP: 40/40 MP: 3/3
  1523 | D:3      | Found a sparkling altar of Nemelex Xobeh.
  1523 | D:3      | Found a white marble altar of Elyvilon.
  1556 | D:3      | Reached skill level 4 in Axes
  1949 | D:4      | Reached XP level 5. HP: 47/47 MP: 4/4
  2025 | D:4      | Reached skill level 1 in Dodging
  2031 | D:4      | Reached skill level 5 in Axes
  2777 | D:5      | Entered Level 5 of the Dungeon
  2792 | D:5      | Noticed an ogre
  2797 | D:5      | Killed an ogre
  2798 | D:5      | Reached skill level 5 in Fighting
  2798 | D:5      | Reached XP level 6. HP: 53/56 MP: 5/5
  2833 | D:5      | Reached skill level 6 in Axes
  2839 | D:5      | Noticed Edmund
  2851 | D:5      | Killed Edmund
  2852 | D:5      | Reached XP level 7. HP: 41/61 MP: 6/6
  2908 | D:5      | Reached skill level 5 in Armour
  2979 | D:5      | Found a basalt altar of Yredelemnul.
  2986 | D:5      | Found a hazy altar of Hepliaklqana.
  2988 | D:5      | Found an ornate altar of the Wu Jian Council.
  3006 | D:5      | Reached skill level 7 in Axes
  3348 | D:5      | Found a shadowy altar of Dithmenos.
  3598 | D:5      | Found a stormy altar of Qazlal.
  3667 | D:6      | Noticed a steam dragon
  3678 | D:6      | Killed a steam dragon
  3809 | D:6      | Noticed Pikel
  3814 | D:6      | Killed Pikel
  3815 | D:6      | Reached skill level 8 in Axes
  3815 | D:6      | Reached skill level 5 in Shields
  3815 | D:6      | Reached XP level 8. HP: 50/73 MP: 7/7
  3961 | D:6      | Found Cotitunu's Weapon Boutique.
  3991 | D:6      | Reached skill level 9 in Axes
  3993 | D:6      | Reached skill level 1 in Stealth
  4160 | D:6      | Found a runed translucent door.
  4162 | D:6      | Noticed masschaos23's ghost (novice OpBr)
  4225 | D:6      | Found a radiant altar of Vehumet.
  4629 | D:6      | Found a runed translucent door.
  4630 | D:6      | Noticed Crazy Yiuf
  4642 | D:6      | Killed Crazy Yiuf
  4860 | D:7      | Found a staircase to the Ecumenical Temple.
  4877 | D:7      | Reached XP level 9. HP: 48/81 MP: 8/8
  4883 | D:7      | Noticed Prince Ribbit
  4907 | D:7      | Killed Prince Ribbit
  4908 | D:7      | Reached skill level 10 in Axes
  4930 | D:7      | Noticed Menkaure
  4938 | D:7      | Killed Menkaure
  4946 | D:7      | Found a flagged portal.
  4962 | Bailey   | Entered a bailey
  5342 | Bailey   | Reached skill level 16 in Axes
  5342 | Bailey   | Reached XP level 10. HP: 90/90 MP: 9/9
  5343 | Bailey   | Reached skill level 18 in Axes
  5343 | Bailey   | Reached XP level 11. HP: 95/95 MP: 10/10
  6205 | D:7      | Got Sif Muna's Volume of Gelid Conflagration
  6285 | D:7      | Found an ancient bone altar of Kikubaaqudgha.
  6363 | Temple   | Entered the Ecumenical Temple
  6603 | Temple   | Became a worshipper of Makhleb the Destroyer
  7213 | D:8      | Noticed Erica
  7219 | D:8      | Reached skill level 19 in Axes
  7386 | D:8      | Reached skill level 10 in Fighting
  7394 | D:8      | Reached * piety under Makhleb
  7822 | D:8      | Found Zudiw's Antique Armour Boutique.
  7843 | D:8      | Bought a pair of embroidered gloves for 195 gold pieces
  8015 | D:8      | Reached XP level 12. HP: 106/107 MP: 11/11
  8444 | D:8      | Killed Erica
  8558 | D:9      | Noticed a two-headed ogre
  8563 | D:9      | Killed a two-headed ogre
  8598 | D:9      | Identified the +6 chain mail of Wariness {+Blink MP+9 SInv}
  8694 | D:9      | Found a staircase to the Orcish Mines.
  8815 | D:9      | Reached skill level 1 in Evocations
  8872 | D:9      | Reached ** piety under Makhleb
  8899 | D:9      | Found a glowing golden altar of the Shining One.
  8906 | D:9      | Noticed Maurice
  8913 | D:9      | Reached skill level 1 in Invocations
  8919 | D:9      | Killed Maurice
  8966 | D:9      | Found an opulent altar of Gozag.
  9515 | D:10     | Entered Level 10 of the Dungeon
  9627 | D:10     | Noticed a two-headed ogre
  9640 | D:10     | Killed a two-headed ogre
  9763 | D:10     | Found a staircase to the Lair.
  9790 | D:10     | Found a hide-covered altar of Uskayaw.
 10197 | D:10     | Noticed Joseph
 10206 | D:10     | Killed Joseph
 10207 | D:10     | Reached skill level 1 in Throwing
 10251 | D:10     | Noticed a two-headed ogre
 10262 | D:10     | Killed a two-headed ogre
 10425 | D:10     | Noticed Lodul
 10434 | D:10     | Killed Lodul
 10663 | D:10     | Reached *** piety under Makhleb
 10849 | Lair:1   | Entered Level 1 of the Lair of Beasts
 10855 | Lair:1   | Noticed a catoblepas
 10870 | Lair:1   | Killed a catoblepas
 10924 | Lair:1   | Reached skill level 10 in Armour
 11134 | Lair:1   | Noticed Fannar
 11141 | Lair:1   | Killed Fannar
 11365 | Lair:1   | Reached XP level 13. HP: 117/117 MP: 14/14
 11456 | Lair:1   | Gained mutation: You passively dampen the noise of your
                  | surroundings. [potion of mutation]
 11456 | Lair:1   | Gained mutation: You have large cloven feet. [potion of
                  | mutation]
 11456 | Lair:1   | Gained mutation: Your muscles are strong. (Str +4, Int/Dex
                  | -1) [potion of mutation]
 11471 | Lair:1   | Noticed a dire elephant
 11481 | Lair:1   | Killed a dire elephant
 11941 | Lair:2   | Found a hole to the Spider Nest.
 11948 | Lair:2   | Reached **** piety under Makhleb
 11956 | Lair:2   | Found a gate leading to a gauntlet.
 11973 | Gauntlet | Entered a Gauntlet
 11973 | Gauntlet | Found a transporter.
 11973 | Gauntlet | Found a transporter.
 11997 | Gauntlet | Found a transporter.
 12001 | Gauntlet | Found a transporter.
 12025 | Gauntlet | Noticed a cacodemon
 12029 | Gauntlet | Found a transporter.
 12029 | Gauntlet | Found a transporter.
 12029 | Gauntlet | Found a transporter.
 12031 | Gauntlet | Found a transporter.
 12031 | Gauntlet | Found a transporter.
 12035 | Gauntlet | Found a runed translucent door.
 12044 | Gauntlet | Found a transporter.
 12060 | Gauntlet | Found a transporter.
 12060 | Gauntlet | Noticed a dire elephant
 12062 | Gauntlet | Found a runed translucent door.
 12070 | Gauntlet | Found a transporter.
 12087 | Gauntlet | Found a transporter.
 12112 | Gauntlet | Found a transporter.
 12344 | Gauntlet | Gained mutation: You are frail. (-10% HP) [a cacodemon]
 12345 | Gauntlet | Identified the +2 pair of boots "Bevuarra" {Harm MP+9
                  | Str+2}
 12365 | Gauntlet | Killed a cacodemon
 12382 | Gauntlet | Identified the +0 chain mail of Charity {rN+ Int+3 Dex+2}
 12426 | Gauntlet | Identified the +2 cloak "Xihaemok" {Drain Regen+ Dex+9
                  | Stlth-}
 12436 | Gauntlet | Killed a dire elephant
 12462 | Gauntlet | Noticed a minotaur
 12471 | Gauntlet | Killed a minotaur
 12754 | D:1      | Bought a +6 ring of strength for 396 gold pieces
 12754 | D:1      | Bought a scroll of brand weapon for 104 gold pieces
 13178 | Lair:2   | Reached skill level 20 in Axes
 13814 | Lair:3   | Noticed Amaemon
 13848 | Lair:3   | Killed Amaemon
 14194 | Lair:3   | Reached ***** piety under Makhleb
 14391 | Lair:3   | Found a staircase to the Swamp.
 14769 | Lair:4   | Reached XP level 14. HP: 116/116 MP: 16/16
 15012 | Lair:4   | Reached skill level 5 in Invocations
 15020 | Lair:4   | Found a staircase to the Slime Pits.
 15020 | Lair:4   | Found a viscous altar of Jiyva.
 15048 | Lair:4   | Found a basalt altar of Yredelemnul.
 15412 | Lair:5   | Entered Level 5 of the Lair of Beasts
 16087 | Lair:5   | Reached skill level 5 in Evocations
 16123 | Lair:5   | Found a transporter.
 16141 | Lair:5   | Noticed Iusername's ghost (journeyman MiFi)
 16191 | Lair:5   | Reached ****** piety under Makhleb
 16199 | Lair:5   | Found a transporter.
 16784 | Lair:5   | Reached skill level 5 in Dodging
 17126 | Lair:5   | Reached skill level 15 in Fighting
 17126 | Lair:5   | Reached skill level 1 in Long Blades
 17487 | Orc:1    | Entered Level 1 of the Orcish Mines
 17488 | Orc:1    | Noticed Jorgrun
 17501 | Orc:1    | Killed Jorgrun
 17503 | Orc:1    | Reached XP level 15. HP: 126/126 MP: 18/18
 17520 | Orc:1    | Noticed Harold
 17529 | Orc:1    | Killed Harold
 17599 | Orc:1    | Paralysed by an orc sorcerer for 4 turns
 17755 | Orc:2    | Entered Level 2 of the Orcish Mines
 17942 | Orc:2    | Found Ziskob's Book Emporium.
 18035 | Orc:2    | Found Qepnueph's Jewellery Shoppe.
 18565 | Orc:2    | Found a staircase to the Elven Halls.
 18659 | Orc:2    | Noticed an orc warlord
 18670 | Orc:2    | Killed an orc warlord
 18671 | Orc:2    | Reached skill level 21 in Axes
 18777 | Orc:2    | Found Fyzow's Armour Shoppe.
 18844 | Orc:2    | Found Meit's Armour Shop.
 19429 | Orc:2    | Bought an amulet of guardian spirit for 390 gold pieces
 19693 | Spider:1 | Entered Level 1 of the Spider Nest
 20172 | Spider:1 | Noticed Nikola
 20180 | Spider:1 | Killed from afar by Nikola

Illustrated notes

Levels and vault maps discovered:
D:1:      beargit_arrival_greenhouse, layout_basic,
          ebering_ecumenical_altar_webs, serial_shops,
          nicolae_shop_advertising_works [nicolae_subvault_shop_adworks]
D:2:      layout_basic, basic_altar, minmay_tripent
D:3:      layout_loops_ring, jmf_multi_god_temple, serial_rivers,
          chequers_serial_rivers_micro_e, chequers_serial_rivers_marsh,
          chequers_serial_rivers_small_a, chequers_serial_rivers_large_b
D:4:      layout_loops_ring
D:5:      layout_cave_pools, nicolae_dithmenos_the_darkroom,
          nicolae_qazlal_eye_of_the_storm, grunt_temple_overflow_open,
          uniq_edmund
D:6:      layout_basic, vehumet_statue, serial_shops, shop,
          ebering_ghost_reflecting_pool, chequers_serial_rivers_micro_a,
          kennysheep_generic_room_15, uniq_crazy_yiuf_cottage, uniq_pikel
D:7:      layout_cave_pools, old_standard_altar, minmay_temple_entry_junction_2,
          enter_bailey_5, minmay_misc_feat_iff, uniq_prince_ribbit1,
          uniq_menkaure
D:8:      cheibrodos_grave_circle, layout_gridville, serial_shops,
          kennysheep_mini_moat, uniq_erica
D:9:      layout_basic, mainiacjoe_overflow_24_doors, mainiacjoe_overflow_paths,
          hiddenorc2_lemuel, uniq_maurice
D:10:     minmay_skewed_foursquare, layout_basic, mainiacjoe_overflow_alcove_2,
          uniq_lodul, uniq_joseph
Temple:   jpeg_temple_alley_garden
Lair:1:   layout_regular_city, nicolae_lair_grazing_beasts
          [nicolae_sub_lair_graze_edge, nicolae_sub_lair_graze_edge,
          nicolae_sub_lair_graze_edge, nicolae_sub_lair_graze_edge],
          infiniplex_staircase_pool_2, grunt_megastairs_5, uniq_fannar
Lair:2:   layout_gridlike, hellmonk_spider_entry_not_the_bees,
          gauntlet_entry_generic, minmay_holes
Lair:3:   layout_cave_pods, nicolae_swamp_entry_splash_gauntlet,
          lemuel_fruit_tree, uniq_amaemon
Lair:4:   layout_hall_layers, slime_entry_1, basic_altar
Lair:5:   guppyfry_lair_end_dragon, layout_small_grid,
          hangedman_lair_tendril_chambers, gammafunk_ghost_arena,
          nicolae_lair_yak_garden
Spider:1: layout_spider_delve, uniq_nikola
Orc:1:    layout_caves, serial_shops, shop, minmay_orc_barracks, uniq_harold,
          uniq_jorgrun, uniq_erolcha
Orc:2:    pubby_orc_utopia

Skill      XL: |  1  2  3  4  5  6  7  8  9 10 11 12 13 14 15 |
---------------+----------------------------------------------+-----
Fighting       | 4 5 7 8 10 11 13 15 16 | 16.1
Armour         | 4 5 6 8 10 12 13 | 13.2
Shields        | 4 5 6 7 9 |  9.7
Axes           | 3 4 5 6 8 9 16 18 19 20 21 | 21.5
Dodging        | 1 2 3 4 5 |  5.1
Stealth        | 1 2 |  2.7
Evocations     | 2 4 5 6 |  6.5
Invocations    | 3 4 6 7 |  7.4
Throwing       | 2 |  2.8
Long Blades    | 1 |  1.0

Action                   |  1- 3 |  4- 6 |  7- 9 | 10-12 | 13-15 || total
-------------------------+-------+-------+-------+-------+-------++-------
Melee: War axe           |    68 |    86 |   136 |   398 |   794 ||  1482
       Headbutt          |     6 |    17 |    16 |    69 |   150 ||   258
       Scimitar          |       |       |       |       |    11 ||    11
Throw: Boomerang         |       |       |     1 |    32 |     4 ||    37
Invok: Lesser Servant of |       |       |       |       |     2 ||     2
       Major Destruction |       |       |       |       |     1 ||     1
Evoke: Wand              |       |       |       |       |     5 ||     5
  Use: Scroll            |       |       |     9 |    11 |    11 ||    31
       Potion            |       |       |     2 |     5 |     6 ||    13
 Stab: Petrified         |       |       |       |       |     1 ||     1
       Distracted        |       |       |       |       |     3 ||     3
Armor: Scale mail        |    53 |    27 |    42 |    85 |       ||   207
       Chain mail        |       |       |       |    91 |   386 ||   477
Dodge: Dodged            |    52 |    53 |    69 |   240 |   311 ||   725
Block: Buckler           |    19 |    15 |    36 |   100 |   294 ||   464
       Reflection        |       |       |       |       |     7 ||     7
